 Dungeon Crawl Stone Soup version 0.31.0-1-g2c135a008e (webtiles) character file.

Game seed: 4665753032594301632

205 qw the Shooter (level 6, -4/46 HPs)
             Began as a Djinni Hunter on Jan 23, 2024.
             Slain by Robin
             ... wielding a +0 trident
              (8 damage)
             ... on level 3 of the Dungeon.
             The game lasted 00:00:13 (1999 turns).

qw the Shooter (Djinni Hunter)                      Turns: 1999, Time: 00:00:13

Health: -4/46      AC:  4    Str: 10    XL:     6   Next: 9%
Gold:   123        EV: 13    Int: 11    God:
                   SH:  0    Dex: 18

rFire   + + .        a - +0 shortbow
rCold   x . .        (shield currently unavailable)
rNeg    . . .        c - +0 leather armour
rPois   inf          d - +0 helmet
rElec   .            (no cloak)
rCorr   .            (no gloves)
SInv    +            (boots unavailable)
Will    .....        (no amulet)
Stlth   ++           e - ring of see invisible
HPRegen 0.27/turn    (no ring)
MPRegen 0.00/turn

%: infuse magic (-5 HP)
@: flying
A: sickness immunity, fire resistance 2, cold vulnerability 1, float, innate
caster, HP casting, extra vitality 1
a: no special abilities


You were on level 3 of the Dungeon.
You visited 1 branch of the dungeon, and saw 3 of its levels.

You collected 123 gold pieces.


Innate Abilities, Weirdness & Mutations

You are immune to sickness and miasma.
You are immune to poison.
Your flesh is very heat resistant. (rF++)
You are vulnerable to cold. (rC-)
You float through the air rather than walking.
You learn spells naturally, not from books.
Your magical power is your life essence.
You have superior vitality. (+4 MHP)


   Skills:
 - Level 3.0 Fighting
 - Level 5.0 Ranged Weapons
 + Level 0.4 Armour
 - Level 3.1 Dodging
 - Level 0.7 Stealth


You knew the following spells:

 Your Spells              Type           Power      Damage    Failure   Level
a - Magic Dart            Conj           0%         1d3       43%         1
b - Momentum Strike       Conj/Tloc      0%         3d8       58%         2
Your spell library was empty.

Inventory:

Hand Weapons
 a - a +0 shortbow (weapon)
Armour
 c - a +0 leather armour (worn)
 d - a +0 helmet (worn)
Jewellery
 e - a ring of see invisible (left hand)
Scrolls
 f - a scroll of identify
Potions
 b - a potion of resistance

Dungeon Overview and Level Annotations

Branches:
Dungeon (3/15)

Altars:

Shops:
D:3 *!

Annotations:
D:1 exclusions: 2 jackals and 2 rats
D:3 Robin


Message History

Robin hits you from afar with a +0 trident.
A rat comes into view.
You shoot an arrow. The arrow barely misses Robin.
Robin throws the goblin at you! The goblin hits you but does no damage.
You shoot an arrow. The arrow hits the goblin.
The goblin is heavily wounded.
The goblin hits you with a +0 dagger.
You shoot an arrow. The arrow closely misses the goblin.
The goblin hits you with a +0 dagger. x2
You shoot an arrow. The arrow closely misses the goblin.
Robin roars a battlecry!
The goblins go into a battle-frenzy!
The goblin barely misses you. The goblin hits you with a +0 dagger.
The goblin barely misses you. The goblin hits you but does no damage.
The goblin closely misses you.
Robin hits you from afar with a +0 trident.
You shoot an arrow. The arrow hits the goblin.
The goblin is severely wounded.
The goblin hits you but does no damage. The goblin closely misses you. x2
You shoot an arrow. The arrow closely misses the goblin.
Robin closely misses you. The goblin closely misses you.
The goblin hits you with a +0 dagger. The goblin hits you with a +0 club.
You shoot an arrow. The arrow hits the goblin.
You kill the goblin!
The goblin hits you with a +0 dagger. The goblin hits you with a +0 club.
Robin throws the goblin at you!
You shoot an arrow. The arrow hits the goblin.
The goblin is heavily wounded.
Robin hits you but does no damage. The goblin hits you with a +0 dagger.
The goblin hits you but does no damage.
You shoot an arrow. The arrow hits the goblin!
You kill the goblin!
Robin throws the goblin at you! The goblin misses you.
The goblin barely misses you. The rat barely misses you.
Robin barely misses you.
You shoot an arrow. The arrow hits the goblin.
You kill the goblin!
Robin hits you from afar with a +0 trident!
You die...
Robin calls out, "Let's celebrate!
Time for a feast!"

#.......#
#)#.......#
#)#.......#
#.#.......#
####.........#
.............#
.....#.g.....#
.....)%r..##..
....##@#.##.#### .
#)#.##%...#
#.#>##..# ###
#.#..(..# ...
#.#..%#####.#
#.......#...#.##.#
#.....##.#.#
#.##.#
###.###.##...#
#..... ..#.#
#.###..###.....


You could see Robin and a rat.

Vanquished Creatures
  A scorpion (D:3)
  Jessica (D:2)
  3 adders (D:2)
  A ribbon worm (D:2)
  4 dart slugs
  7 ball pythons
  3 endoplasms
  3 giant cockroaches
  13 goblins
  8 hobgoblins
  6 jackals (D:1)
  7 kobolds
  2 quokkas (D:3)
  6 bats
  5 frilled lizards
  12 rats
82 creatures vanquished.

Notes
Turn   | Place    | Note
-------+----------+-------------------------------------------
     0 | D:1      | qw the Djinni Hunter began the quest for the Orb.
     0 | D:1      | Reached XP level 1. HP: 18/18 MP: 0/0
     0 | D:1      | 0 ||| qw: Version: 0.3-a-136-gdd3b4e8
     0 | D:1      | 0 ||| qw: Game counter: 1023
     0 | D:1      | 0 ||| qw: Melee chars always use a shield: true
     0 | D:1      | 0 ||| qw: God list: Okawaru
     0 | D:1      | 0 ||| qw: Allow faded altars: false
     0 | D:1      | 0 ||| qw: Do Orc after clearing Dungeon:15 true
     0 | D:1      | 0 ||| qw: Do second Lair branch before Depths: true
     0 | D:1      | 0 ||| qw: Lair rune preference: random
     0 | D:1      | 0 ||| qw: Goals: Normal
     0 | D:1      | 0 ||| PLANNING D:1-11
     9 | D:1      | 9 ||| RETREEEEATING.
    10 | D:1      | 10 ||| RETREEEEATING.
    20 | D:1      | 20 ||| UPGRADING to +0 helmet.
    35 | D:1      | Reached XP level 2. HP: 11/23 MP: 0/0
   173 | D:1      | Found a faded altar of an unknown god.
   278 | D:1      | Reached skill level 4 in Ranged Weapons
   278 | D:1      | Reached XP level 3. HP: 28/28 MP: 0/0
   278 | D:1      | Learned a level 1 spell: Magic Dart
   688 | D:1      | 688 ||| UPGRADING to ring of see invisible.
   689 | D:1      | 689 ||| READING scroll labelled HUUMYTOGALL.
   690 | D:1      | 690 ||| READING 2 scrolls labelled XOMIHO UFIHOICK.
   690 | D:1      | 690 ||| IDENTIFYING scroll labelled UMAIM ENON
   691 | D:1      | 691 ||| DROPPING scroll of butterflies.
   692 | D:1      | 692 ||| DROPPING scroll of fear.
   938 | D:2      | Reached skill level 3 in Fighting
   938 | D:2      | Reached XP level 4. HP: 35/35 MP: 0/0
  1414 | D:2      | Reached skill level 3 in Dodging
  1453 | D:2      | Noticed Jessica
  1462 | D:2      | Killed Jessica
  1463 | D:2      | Reached XP level 5. HP: 18/40 MP: 0/0
  1463 | D:2      | Learned a level 2 spell: Momentum Strike
  1584 | D:2      | 1584 ||| READING 2 scrolls of identify.
  1584 | D:2      | 1584 ||| IDENTIFYING dark potion
  1585 | D:2      | 1585 ||| READING scroll of identify.
  1585 | D:2      | 1585 ||| IDENTIFYING scroll labelled WICEJI VUUKIN
  1586 | D:2      | 1586 ||| DROPPING scroll of summoning.
  1641 | D:3      | Found Riheam's General Store.
  1650 | D:3      | 1650 ||| SHOPLISTING ring of see invisible (210 gold, have
                  | 26).
  1757 | D:3      | Found Xomauttiny's Distillery.
  1773 | D:3      | 1773 ||| SHOPLISTING potion of mutation (88 gold, have 55).
  1773 | D:3      | 1773 ||| SHOPLISTING potion of resistance (110 gold, have
                  | 55).
  1776 | D:3      | Identified the +3 scale mail "Beahos" {rPois Regen+}
  1886 | D:3      | Reached XP level 6. HP: 25/46 MP: 0/0
  1886 | D:3      | 1886 ||| FLEEEEING.
  1888 | D:3      | 1888 ||| FLEEEEING.
  1889 | D:3      | 1889 ||| FLEEEEING.
  1979 | D:3      | Reached skill level 5 in Ranged Weapons
  1982 | D:3      | Noticed Robin
  1996 | D:3      | HP: 8/46 [goblin/+0 club[Robin] (4)]
  1997 | D:3      | HP: 3/46 [goblin/+0 dagger[Robin] (3)]
  1999 | D:3      | Slain by Robin

Levels and vault maps discovered:
D:1:      onia_arrival_pyramid, layout_rooms, serial_bayou,
          serial_bayou_crossing, serial_bayou_ford_a, serial_bayou_pond_b,
          serial_bayou_pond_e, dreamdust_ecumenical_altar_grove
D:2:      layout_basic, uniq_jessica
D:3:      layout_loops_ring, serial_shops, nicolae_lakefront_shop, shop, shop,
          ebering_ghost_disaster_area, uniq_crazy_yiuf_cottage, uniq_robin

Skill      XL: |  1  2  3  4  5  6 |
---------------+-------------------+-----
Ranged Weapons | 4 5 |  5.0
Fighting       | 3 |  3.0
Dodging        | 3 |  3.1
Armour         | |  0.4
Stealth        | |  0.7

Action                     |  1- 3 |  4- 6 || total
---------------------------+-------+-------++-------
   Fire: Shortbow          |   134 |   150 ||   284
    Use: Scroll            |     2 |     2 ||     4
 Armour: Leather armour    |    62 |    56 ||   118
  Dodge: Dodged            |    75 |    54 ||   129

Table legend:
 A = Non-vault XP
 B = Vault XP
 C = Vault XP percentage of total XP
 D = Non-vault monster count
 E = Vault monster count
 F = Vault count percentage of total count
                 A         B        C        D         E       F
            +---------+---------+-------+---------+---------+-------
      Total |     236 |      58 |  19.7 |      69 |      13 |  15.9
            +---------+---------+-------+---------+---------+-------
        D:1 |      57 |       4 |   6.6 |      34 |       3 |   8.1
        D:2 |      67 |      37 |  35.6 |      16 |       1 |   5.9
        D:3 |     112 |      17 |  13.2 |      19 |       9 |  32.1
            +---------+---------+-------+---------+---------+-------
